 Dungeon Crawl Stone Soup version 0.28.0-53-g5a82cb258f (webtiles) character file.

Game seed: 12375826068900186401

457 styxcanada the Covert (level 6, -1/30 HPs)
             Began as a Spriggan Brigand on Aug 12, 2022.
             Was an Initiate of Gozag.
             Shot with an arrow by a centaur (7 damage)
             ... on level 5 of the Dungeon.
             The game lasted 00:16:29 (4299 turns).

styxcanada the Covert (Spriggan Brigand)            Turns: 4299, Time: 00:16:30

Health: -1/30      AC:  4    Str:  7    XL:     6   Next: 77%
Magic:  7/10       EV: 18    Int: 13    God:    Gozag
Gold:   44         SH:  0    Dex: 18    Spells: 6/10 levels left

rFire   . . .      SeeInvis +   a - +3 dagger
rCold   . . .      Faith    .   (no shield)
rNeg    . . .      Spirit   .   n - +1 robe {Will+}
rPois   +          Reflect  .   (helmet restricted)
rElec   .          Harm     .   c - +0 cloak
rCorr   .          Rampage  .   (gloves unavailable)
Will    ++...                   (boots unavailable)
Stlth   ++++......              (no amulet)
HPRegen 0.10/turn               t - ring of flight
MPRegen 0.12/turn               v - ring of poison resistance

@: gold aura, flying, very quick
A: very small, no large weapons, unfitting armour, see invisible, speed 3
a: Renounce Religion, Potion Petition, Call Merchant, Bribe Branch


You were on level 5 of the Dungeon.
You worshipped Gozag.
Gozag was noncommittal.
You visited 2 branches of the dungeon, and saw 6 of its levels.

You collected 275 gold pieces.
You spent 170 gold pieces at shops.
You paid 61 gold pieces to Gozag.

Inventory:

Hand Weapons
 a - a +3 dagger (weapon)
 b - a +2 vorpal hunting sling
 r - a +0 dagger of venom
Missiles
 d - 8 poisoned darts (quivered)
 e - 2 curare-tipped darts
 f - 116 stones
 h - 56 sling bullets
 o - 5 boomerangs
Armour
 c - a +0 cloak (worn)
 n - a +1 robe of willpower (worn)
Magical Staves
 k - a staff of conjuration
 w - a staff of poison
Jewellery
 t - a ring of flight (left hand)
 u - a ring of positive energy
 v - a ring of poison resistance (right hand)
Wands
 q - a wand of iceblast (10)
 y - a wand of flame (23)
Scrolls
 g - 4 scrolls of fog
 j - 2 scrolls of enchant weapon
Potions
 i - a potion of curing
 l - a potion of haste
 m - a potion of berserk rage {unknown}
 x - 2 potions of lignification


   Skills:
 * Level 2.2 Fighting
 + Level 3.1 Short Blades
 + Level 2.2 Throwing
 * Level 3.5 Dodging
 * Level 8.6 Stealth
 * Level 2.5 Spellcasting
 * Level 1.3 Conjurations
 * Level 1.4 Fire Magic
 * Level 1.7 Evocations


You had 6 spell levels left.
You knew the following spells:

 Your Spells              Type           Power      Damage    Failure   Level
a - Foxfire               Conj/Fire      20%        2x1d5     14%         1
b - Conjure Flame         Conj/Fire      5%         6-21      38%         3

Your spell library contained the following spells:

 Spells                   Type           Power      Damage    Failure   Level
 Inner Flame              Hex/Fire       3%         N/A       47%         3
 Ignite Poison            Fire/Tmut/Pois 2%         N/A       52%         3
 Flame Wave               Conj/Fire      5%         2d5       80%         4
 Sticky Flame             Conj/Fire      5%         2d3       80%         4


Dungeon Overview and Level Annotations

Branches:
Dungeon (5/15)             Temple (1/1) D:4

Altars:
Cheibriados
Gozag
Nemelex Xobeh
Wu Jian

Shops:
D:2 (


Innate Abilities, Weirdness & Mutations

You are very small and have problems with some larger weapons.
You are too small for most types of armour.
You have supernaturally acute eyesight. (SInv)
You cover ground extremely quickly. (Speed+++)


Message History

You drop a +0 hunting sling.
Found 10 gold pieces.
p - a scroll of identify You now have 44 gold pieces (gained 10).
As you read the scroll of identify, it crumbles to dust.
l - a potion of haste
p - a scroll of identify
As you read the scroll of identify, it crumbles to dust.
x - 2 potions of lignification You reach down and open the door.
Found a quarterstaff.
There is an open door here.
A centaur comes into view.
An adder comes into view.
The adder hisses angrily.
Casting: Foxfire (safe; 14% risk of failure)
Confirm with . or Enter, or press ? or * to list all spells.
You conjure some foxfire!
The adder misses you.
The foxfire hits the adder.
The adder is lightly wounded.
The foxfire hits the adder.
The adder is severely wounded.
The centaur wields a +0 shortbow.
The centaur shoots an arrow.
The arrow hits you!
Casting: Foxfire (safe; 14% risk of failure)
Confirm with . or Enter, or press ? or * to list all spells.
You conjure some foxfire!
The adder barely misses you.
The foxfire hits the adder.
The adder is severely wounded.
The foxfire hits the adder.
You kill the adder!
There is an open door here.
Casting: Foxfire (safe; 14% risk of failure)
Confirm with . or Enter, or press ? or * to list all spells.
You conjure some foxfire!
The centaur shoots an arrow.
The arrow hits you!
Ouch! That really hurt!
* * * LOW HITPOINT WARNING * * *
The centaur shoots an arrow.
The arrow hits you!
You die...
Your body crumbles into a pile of gold.

############ #
....#.....# #.
...#.....# #'#
#..##....#
#..##..##....#
#.....v#....##
#......@v...##
#..##..##....#
#..##..##....#
#....$.#....############
#......#....##....##).<#
#...c.)#................
#......#................
#......#..........##...#
#......+....####+###...#


You could see a centaur (ally target).

Vanquished Creatures
  A black bear (D:4)
  A howler monkey (D:4)
  An orc priest (D:4)
  A bullfrog skeleton (D:4)
  A centaur skeleton (D:4)
  2 iguanas
  2 hound skeletons (D:4)
  A gnoll (D:2)
  7 adders
  6 dart slugs
  7 orcs
  3 bats
  3 endoplasms
  2 giant cockroaches
  2 goblins
  12 hobgoblins
  3 kobolds
  7 quokkas
  3 ball pythons
  4 frilled lizards
  9 rats
78 creatures vanquished.

Vanquished Creatures (others)
  An orc wizard (D:4)
  48 foxfires
  2 plants (D:3)
51 creatures vanquished.

Grand Total: 129 creatures vanquished

Notes
Turn   | Place    | Note
-------+----------+-------------------------------------------
     0 | D:1      | styxcanada the Spriggan Brigand began the quest for the
                  | Orb.
     0 | D:1      | Reached XP level 1. HP: 10/10 MP: 2/2
   191 | D:1      | Reached skill level 6 in Stealth
   430 | D:1      | Reached XP level 2. HP: 14/14 MP: 3/3
  1332 | D:2      | Reached XP level 3. HP: 15/18 MP: 4/4
  1412 | D:2      | Found Iserphiuk's Weapon Shoppe.
  1620 | D:2      | Reached skill level 7 in Stealth
  1623 | D:2      | Learned a level 1 spell: Foxfire
  1692 | D:2      | Reached XP level 4. HP: 22/23 MP: 5/5
  2360 | D:3      | Reached skill level 1 in Spellcasting
  2754 | D:3      | Reached XP level 5. HP: 26/26 MP: 7/7
  2803 | D:3      | Found a sparkling altar of Nemelex Xobeh.
  3029 | D:4      | Reached skill level 8 in Stealth
  3195 | D:4      | Reached skill level 1 in Fire Magic
  3484 | D:4      | Learned a level 3 spell: Conjure Flame
  3502 | D:4      | Reached skill level 1 in Evocations
  3618 | D:4      | Reached XP level 6. HP: 27/30 MP: 6/9
  3652 | D:4      | Reached skill level 1 in Conjurations
  3760 | D:4      | Found a staircase to the Ecumenical Temple.
  3769 | Temple   | Entered the Ecumenical Temple
  3782 | Temple   | Became a worshipper of Gozag Ym Sagoz the Greedy
  4203 | D:2      | Bought a +2 vorpal hunting sling for 170 gold pieces
  4252 | D:5      | Entered Level 5 of the Dungeon
  4299 | D:5      | Shot with an arrow by a centaur

Illustrated notes

Levels and vault maps discovered:
D:1:      minmay_arrival_three_doors, layout_basic, st_stairs_8
D:2:      layout_basic, serial_shops, nicolae_shop_window_shopping,
          minmay_joined_circles
D:3:      layout_rooms, nemelex_spade_bored_becter, chequers_big_river,
          kennysheep_generic_room_12
D:4:      layout_basic, temple_statues
D:5:      layout_gridville, marbit_many_paths, old_standard_altar
Temple:   nicolae_temple_elliptical

Skill      XL: |  1  2  3  4  5  6 |
---------------+-------------------+-----
Stealth        | 6 7 8 |  8.6
Dodging        | 2 3 |  3.5
Spellcasting   | 1 2 |  2.5
Fire Magic     | 1 |  1.4
Fighting       | 2 |  2.2
Evocations     | 1 |  1.7
Conjurations   | 1 |  1.3
Short Blades   | 3 |  3.1
Throwing       | |  2.2

Action                   |  1- 3 |  4- 6 || total
-------------------------+-------+-------++-------
Melee: Dagger            |    92 |   108 ||   200
       Punch             |       |     1 ||     1
Throw: Dart              |    10 |    11 ||    21
 Cast: Foxfire           |       |    29 ||    29
Evoke: Wand              |       |     2 ||     2
  Use: Scroll            |       |     8 ||     8
 Stab: Sleeping          |    13 |    10 ||    23
Armor: Robe              |    13 |    11 ||    24
Dodge: Dodged            |    55 |    82 ||   137
